 Dungeon Crawl Stone Soup version 0.30-a0-845-g7c6808c8ce (webtiles) character file.

Game seed: 6804192557998087809

36656 Jeffwins the Arsonist (level 14, -2/85 HPs)
             Began as a Human Wanderer on Mar 2, 2023.
             Was a Priest of Vehumet.
             Slain by a catoblepas (12 damage)
             ... while petrified by a catoblepas
             ... on level 1 of the Lair of Beasts.
             The game lasted 00:33:49 (17656 turns).

Jeffwins the Arsonist (Human Wanderer)             Turns: 17656, Time: 00:33:50

Health: -2/85      AC: 11    Str: 16    XL:     14   Next: 24%
Magic:  16/27      EV:  2    Int: 25    God:    Vehumet [***...]
Gold:   1471       SH:  0    Dex: 17    Spells: 17/31 levels left

rFire   . . .      SeeInvis +    a - +7 sling of Profit {elec, Int+4 Dex+3}
rCold   . . .      Faith    .    d - +0 buckler
rNeg    + + +      Spirit   .    K - +0 steam dragon scales
rPois   ∞          Reflect  .    (no helmet)
rElec   .          Rampage  .    t - +0 cloak
rCorr   .                        Q - +0 pair of gloves
Will    +....                    (no boots)
Stlth   ++                       m - amulet of the acrobat
HPRegen 0.34/turn                O - +4 ring of protection
MPRegen 0.20/turn                g - ring of the Country {rPois Str+5 Int+3 SInv}

@: petrified, studying Staves, very slow
A: large bone plates 1
a: Renounce Religion


You were on level 1 of the Lair of Beasts.
You worshipped Vehumet.
Vehumet was most pleased with you.
You visited 3 branches of the dungeon, and saw 13 of its levels.
You also visited: Ossuary and Bailey.

You collected 1657 gold pieces.
You spent 186 gold pieces at shops.


Innate Abilities, Weirdness & Mutations

You are partially covered in large bone plates. (SH +4)


   Skills:
 * Level 7.9 Ranged Weapons
 - Level 6.0 Throwing
 - Level 3.0 Dodging
 - Level 5.0 Stealth
 - Level 6.0 Shields
 * Level 9.0 Spellcasting
 - Level 6.0 Conjurations
 * Level 7.8 Summonings
 - Level 4.0 Translocations
 * Level 9.9 Fire Magic
 - Level 4.0 Air Magic
 - Level 4.0 Poison Magic
 + Level 8.5 Evocations


You had 17 spell levels left.
You knew the following spells:

 Your Spells              Type           Power      Damage    Failure   Level
m - Mephitic Cloud        Conj/Pois/Air  34%        N/A       1%          3
x - Scorch                Fire           100%       2d10      1%          2
z - Foxfire               Conj/Fire      100%       2x1d9     1%          1
I - Blink                 Tloc           62%        N/A       1%          2
X - Summon Cactus Giant   Summ           25%        N/A       38%         6

Your spell library contained the following spells:

 Spells                   Type           Power      Damage    Failure   Level
 Iskenderun's Mystic Bla  Conj/Tloc      36%        2d9       2%          4
 Freeze                   Ice            44%        1d6       1%          1
 Magic Dart               Conj           100%       1d8       1%          1
 Call Imp                 Summ           50%        N/A       1%          2
 Lesser Beckoning         Tloc           62%        N/A       1%          2
 Momentum Strike          Conj/Tloc      72%        3d10      1%          2
 Inner Flame              Hex/Fire       36%        N/A       1%          3
 Flame Wave               Conj/Fire      50%        2d12      1%          4
 Vhi's Electric Charge    Tloc/Air       62%        N/A       4%          3
 Frozen Ramparts          Ice            22%        1d4       5%          3
 Portal Projectile        Hex/Tloc       42%        N/A       9%          3
 Manifold Assault         Tloc           31%        N/A       13%         4
 Tukima's Dance           Hex            11%        N/A       21%         3
 Blade Hands              Tmut           5%         N/A       88%         5
 Storm Form               Tmut/Air       10%        N/A       100%        7

Inventory:

Hand Weapons
 a - the +7 sling of Profit (weapon) {elec, Int+4 Dex+3}
   (You found it on level 6 of the Dungeon)

   Int:       It affects your intelligence (+4).
   Dex:       It affects your dexterity (+3).
Missiles
 o - 45 poisoned darts (quivered)
 L - 5 curare-tipped darts {=f}
Armour
 d - a +0 buckler (worn)
 t - a +0 cloak (worn)
 K - +0 steam dragon scales (worn)
 Q - a +0 pair of gloves (worn)
 S - +0 acid dragon scales
 Z - a +1 robe of cold resistance
Magical Staves
 l - a staff of poison
Jewellery
 f - a ring of protection from fire
 g - the ring of the Country (right hand) {rPois Str+5 Int+3 SInv}
   (You acquired it on level 4 of the Dungeon)

   [ring of see invisible]

   Str:       It affects your strength (+5).
   Int:       It affects your intelligence (+3).
   rPois:     It protects you from poison.
   SInv:      It lets you see invisible.
 i - a +6 ring of intelligence
 m - an amulet of the acrobat (around neck)
 C - a ring of ice
 F - a ring of fire
 I - a +6 ring of intelligence
 N - a ring of positive energy
 O - a +4 ring of protection (left hand)
Wands
 b - a wand of polymorph (9)
 w - a wand of flame (30)
 M - a wand of digging (5)
 U - a wand of charming (4)
Scrolls
 q - a scroll of identify {@r1}
 r - a scroll of silence {!r}
 s - 3 scrolls of enchant armour
 u - a scroll of amnesia
 x - a scroll of summoning
 y - 3 scrolls of teleportation {@r4}
 z - 5 scrolls of poison
 B - 2 scrolls of enchant weapon
 H - 2 scrolls of immolation {!r}
 J - 2 scrolls of fear
 R - 3 scrolls of vulnerability {!r}
 T - 3 scrolls of blinking
 V - 2 scrolls of fog
 Y - 3 scrolls of magic mapping
Potions
 c - 2 potions of attraction {!q}
 e - 4 potions of heal wounds {@q2}
 h - 2 potions of cancellation
 j - 4 potions of flight
 k - a potion of haste {@q3}
 n - 4 potions of curing {@q1}
 p - 2 potions of might
 v - 3 potions of brilliance
 A - a potion of resistance {unknown}
 D - 3 potions of magic
 E - 3 potions of lignification {unknown}
 G - a potion of mutation {!q}

Dungeon Overview and Level Annotations

Branches:
Dungeon (11/15)            Temple (1/1) D:4            Lair (1/5) D:10
    Orc (0/2) D:10        Ossuary (visited)          Bailey (visited)

Altars:
Ashenzari
Cheibriados
Dithmenos
Elyvilon
Fedhas
Gozag
Hepliaklqana
Kikubaaqudgha
Makhleb
Nemelex Xobeh
Okawaru
Qazlal
Ru
Sif Muna
Trog
Uskayaw
Vehumet
Wu Jian
Xom
Yredelemnul
Zin
The Shining One

Shops:
D:7 *   D:8 ?

Annotations:
D:5 3 runed translucent doors, testman's ghost, amateur DrTm
D:6 1 runed translucent door

♣....~~≈≈≈≈~~......♣♣♣.##..# #
♣♣....~~~≈≈≈~~.....♣♣ #####.## #
♣......~~≈≈~~......♣ ##.###
♣.......~≈≈~~....♣♣♣ ##.##
♣♣.^...~~≈≈≈~~....♣ ##..
♣.....~≈≈≈≈~~...♣♣♣ #..
♣....~≈≈≈≈~~~~♣♣♣ ##.
♣...~~≈≈≈♣♣♣♣♣♣♣♣♣♣ ##.
♣...~~≈≈≈♣♣~~♣♣♣@~♣♣♣♣ ######..
♣...~~≈≈≈~~~≈~~~~Y~~P♣♣♣♣#.......
♣♣...~~≈~≈~≈~≈~≈≈≈~≈≈≈♣♣.........
♣♣.♣♣~~≈~~♣♣~♣≈≈≈~~~≈♣♣♣.......)
♣#.♣##♣♣♣.♣♣♣♣♣#♣♣~~♣♣.........
#.## #.## ##'#♣♣........ ▒▒▒▒
▒▒▒▒ ▒§~# ♣........ ♣Y≈≈ #~~~≈
~~~§▒ ♣........ ?$k≈##~~#~~~
≈Y~≈~~▒ ###......


You could see a catoblepas (combustible).


Message History

Confirm with . or Enter, or press ? or * to list all spells.
Flames lash the catoblepas.
The catoblepas is burned terribly!
The catoblepas is moderately wounded.
You are engulfed in calcifying dust.
The catoblepas is engulfed in a cloud of scalding steam.
You are engulfed in calcifying dust.
You are slowing down.
The catoblepas is engulfed in a cloud of scalding steam.
The catoblepas completely misses you.
Casting: Scorch (safe; 1% risk of failure)
Confirm with . or Enter, or press ? or * to list all spells.
Flames lash the catoblepas.
The catoblepas is burned terribly!
The catoblepas is heavily wounded.
You are engulfed in calcifying dust.
The catoblepas breathes a plume of calcifying dust at you.
The blast of calcifying dust hits you but does no damage.
The catoblepas breathes a plume of calcifying dust at you.
The blast of calcifying dust hits you!
* * * LOW HITPOINT WARNING * * *
Your limbs are stiffening.
You block the catoblepas's attack.
You have turned to stone.
The catoblepas gores you!!
* * * LOW HITPOINT WARNING * * *
The catoblepas completely misses you.
The catoblepas gores you but does no damage.
The catoblepas gores you!!
* * * LOW HITPOINT WARNING * * *
The catoblepas gores you but does no damage.
The catoblepas gores you!!
You die...

Skill      XL: |  1  2  3  4  5  6  7  8  9 10 11 12 13 14 |
---------------+-------------------------------------------+-----
Conjurations   | 1 2 3 4 5 6 |  6.0
Fire Magic     | 2 3 4 5 6 7 8 9 |  9.9
Spellcasting   | 2 3 4 5 6 7 8 9 |  9.0
Shields        | 1 2 3 4 5 6 |  6.0
Throwing       | 2 3 4 5 6 |  6.0
Translocations | 2 3 4 |  4.0
Evocations     | 6 7 8 |  8.5
Summonings     | 1 3 4 6 7 |  7.8
Ranged Weapons | 1 3 4 6 7 |  7.9
Stealth        | 1 2 3 4 5 |  5.0
Poison Magic   | 2 3 4 |  4.0
Air Magic      | 1 2 4 |  4.0
Dodging        | |  3.0

Action                     |  1- 3 |  4- 6 |  7- 9 | 10-12 | 13-15 || total
---------------------------+-------+-------+-------+-------+-------++-------
  Melee: Spear             |    49 |   140 |   371 |       |       ||   560
         Dagger            |     3 |       |       |       |       ||     3
         Mace              |       |       |     3 |       |       ||     3
   Fire: Sling             |       |       |     5 |   238 |   182 ||   425
  Throw: Dart              |       |       |       |     5 |     7 ||    12
   Cast: Foxfire           |     3 |    33 |   148 |   221 |    74 ||   479
         Blink             |       |       |     1 |       |     1 ||     2
         Scorch            |       |       |     8 |    57 |   166 ||   231
         Mephitic Cloud    |       |       |       |    13 |    19 ||    32
  Evoke: Wand              |       |     2 |     4 |     7 |     6 ||    19
    Use: Scroll            |       |     6 |     2 |    13 |     4 ||    25
         Potion            |       |       |       |     8 |     1 ||     9
   Stab: Sleeping          |     1 |     1 |     1 |       |       ||     3
 Armour: Leather armour    |    11 |    54 |   162 |       |       ||   227
         Steam dragon scal |       |       |     6 |    53 |    61 ||   120
  Dodge: Dodged            |    28 |    74 |   200 |   117 |   188 ||   607
  Block: Buckler           |     7 |    14 |    77 |   108 |   160 ||   366

Levels and vault maps discovered:
D:1:      roderic_chinese_lattice_arrival, layout_basic
D:2:      layout_loops_ring, grunt_ministairs_12, uniq_crazy_yiuf_cottage,
          uniq_jessica
D:3:      layout_basic, amcnicky_altar_gilded, dk_noncrumbling_3, minmay_cut_off
D:4:      layout_basic, mainiacjoe_overflow_six_doors_small,
          minmay_temple_entry_from_below_b, gup_ossuary_entry_pyramid,
          minmay_increasing_density
D:5:      layout_loops_ring, lemuel_round_altar, overflow_temple_1_default,
          nicolae_overflow_hidden_temple, ebering_ghost_rock_garden,
          uniq_menkaure, uniq_edmund
D:6:      layout_basic, ebering_ghost_sewer_f
D:7:      layout_rooms, nicolae_gozag_zags_fifth_avenue
D:8:      minmay_angry_zag, layout_rooms, serial_shops, shop, uniq_maggie
D:9:      layout_irregular_city, lemuel_coloured_pillars_altar,
          gammafunk_ghost_icy
D:10:     layout_irregular_city, vehumet_crystals, lair_entry_dummy,
          david_orc_2, enter_bailey_5, uniq_fannar
D:11:     layout_roguey [special_room_orc]
Temple:   dpeg_chambers_temple
Lair:1:   gammafunk_lair_enchanted_lake, layout_cave_pods, beast_lair_carwin_4

Notes
Turn   | Place    | Note
-------+----------+-------------------------------------------
     0 | D:1      | Jeffwins the Human Wanderer began the quest for the Orb.
     0 | D:1      | Jeffwins set off with the following items: a +0 dagger, a
                  | wand of polymorph (5), a potion of attraction {!q}, a +2
                  | leather armour; and the following spell memorised: Foxfire;
                  | and the following spells available to memorise: Inner
                  | Flame.
     0 | D:1      | Reached XP level 1. HP: 13/13 MP: 2/2
   284 | D:1      | Reached XP level 2. HP: 19/19 MP: 3/3
   631 | D:2      | Reached skill level 1 in Conjurations
   631 | D:2      | Reached XP level 3. HP: 24/24 MP: 5/5
   703 | D:2      | Noticed Jessica
   710 | D:2      | Killed Jessica
   711 | D:2      | Reached skill level 2 in Fire Magic
   711 | D:2      | Reached XP level 4. HP: 26/30 MP: 6/6
   924 | D:2      | Reached skill level 2 in Spellcasting
  1109 | D:2      | Found a runed translucent door.
  1110 | D:2      | Noticed Crazy Yiuf
  1513 | D:2      | Killed Crazy Yiuf
  1514 | D:2      | Reached skill level 2 in Conjurations
  1514 | D:2      | Reached XP level 5. HP: 19/35 MP: 8/8
  1712 | D:2      | Reached skill level 1 in Shields
  2634 | D:3      | Found a hide-covered altar of Uskayaw.
  2713 | D:3      | Reached XP level 6. HP: 40/41 MP: 8/10
  2718 | D:3      | Reached skill level 3 in Fire Magic
  2776 | D:4      | Identified a scroll of acquirement
  2781 | D:4      | Acquired the ring of the Country {rPois Str+5 Int+3 SInv}
  2866 | D:4      | Reached skill level 3 in Spellcasting
  2867 | D:4      | Noticed a black bear
  2888 | D:4      | Reached skill level 3 in Conjurations
  2888 | D:4      | Reached XP level 7. HP: 33/46 MP: 5/11
  2897 | D:5      | Entered Level 5 of the Dungeon
  2897 | D:5      | Noticed Edmund
  2911 | D:4      | Reached skill level 2 in Shields
  2981 | D:4      | Learned a level 2 spell: Blink
  2990 | D:4      | Found a sand-covered staircase.
  3042 | D:4      | Reached skill level 4 in Fire Magic
  3123 | Ossuary  | Entered an ossuary
  3579 | Ossuary  | Reached XP level 8. HP: 50/52 MP: 13/13
  3618 | Ossuary  | Reached skill level 1 in Throwing
  3618 | Ossuary  | Reached skill level 1 in Translocations
  3934 | D:4      | Found a bloodstained altar of Trog.
  4009 | D:4      | Reached skill level 4 in Spellcasting
  4103 | D:4      | Found a staircase to the Ecumenical Temple.
  4465 | D:5      | Edmund changed into Edmund the orc
  4465 | D:5      | Noticed Edmund
  4468 | D:5      | Killed Edmund the orc
  4666 | D:5      | Found a broken altar of Ashenzari.
  4836 | D:5      | Found a basalt altar of Yredelemnul.
  4855 | D:5      | Found a sparkling altar of Nemelex Xobeh.
  5166 | D:5      | Found a runed translucent gate.
  5167 | D:5      | Found a runed translucent gate.
  5168 | D:5      | Found a runed translucent gate.
  5170 | D:5      | Noticed testman's ghost (amateur DrTm)
  5300 | D:5      | Noticed Menkaure
  5313 | D:5      | Killed Menkaure
  5314 | D:5      | Reached skill level 5 in Fire Magic
  5314 | D:5      | Reached skill level 6 in Evocations
  5568 | Temple   | Entered the Ecumenical Temple
  5840 | D:6      | Reached skill level 3 in Shields
  5857 | D:6      | Reached skill level 2 in Throwing
  5923 | D:6      | Reached skill level 2 in Translocations
  5980 | D:6      | Reached XP level 9. HP: 57/57 MP: 9/16
  6161 | D:6      | Found a runed translucent door.
  6162 | D:6      | Noticed pigah's ghost (novice OpWn)
  6429 | D:7      | Reached skill level 5 in Spellcasting
  6483 | D:7      | Found Gozag's Platinum Reserve.
  6610 | D:7      | Found an opulent altar of Gozag.
  6817 | D:6      | Found a runed translucent door.
  6821 | D:6      | Learned a level 2 spell: Scorch
  6828 | D:6      | Learned a level 6 spell: Summon Cactus Giant
  7059 | D:6      | Reached skill level 6 in Fire Magic
  7240 | D:6      | Reached skill level 3 in Throwing
  7248 | D:6      | Identified the +7 sling of Profit {elec, Int+4 Dex+3}
  7425 | D:6      | Reached skill level 1 in Summonings
  7437 | D:6      | Reached skill level 3 in Translocations
  7440 | D:6      | Killed pigah's ghost
  7441 | D:6      | Reached skill level 1 in Ranged Weapons
  7441 | D:6      | Reached skill level 4 in Conjurations
  7608 | D:7      | Reached skill level 1 in Stealth
  7608 | D:7      | Reached XP level 10. HP: 63/63 MP: 10/18
  7614 | D:7      | Learned a level 3 spell: Mephitic Cloud
  7673 | D:7      | Reached skill level 4 in Shields
  7673 | D:7      | Reached skill level 2 in Summonings
  8229 | D:8      | Noticed Maggie
  8229 | D:8      | Noticed a two-headed ogre
  8340 | D:8      | Reached skill level 2 in Ranged Weapons
  8340 | D:8      | Reached skill level 1 in Poison Magic
  8346 | D:8      | Killed Maggie
  8347 | D:8      | Reached skill level 6 in Spellcasting
  8351 | D:8      | Killed a two-headed ogre
  8352 | D:8      | Reached skill level 2 in Stealth
  8352 | D:8      | Reached skill level 3 in Summonings
  8352 | D:8      | Reached skill level 1 in Air Magic
  8505 | D:8      | Found Wanug's Magic Scroll Shoppe.
  8553 | D:8      | Gained mutation: You are partially covered in large bone
                  | plates. (SH +4) [potion of mutation]
  8556 | D:8      | HP: 2/63 [yak (13)]
  8800 | D:8      | Reached skill level 3 in Ranged Weapons
  8800 | D:8      | Reached skill level 5 in Conjurations
  8800 | D:8      | Reached skill level 2 in Poison Magic
  8806 | D:8      | HP: 6/63 [yak (6)]
  8808 | D:8      | Reached XP level 11. HP: 4/68 MP: 17/20
  9020 | D:8      | Reached skill level 7 in Fire Magic
  9159 | D:8      | Bought a scroll of blinking for 90 gold pieces
  9159 | D:8      | Bought a scroll of identify for 24 gold pieces
  9159 | D:8      | Bought a scroll of identify for 24 gold pieces
  9159 | D:8      | Bought a scroll of identify for 24 gold pieces
  9159 | D:8      | Bought a scroll of identify for 24 gold pieces
  9202 | D:8      | Reached skill level 4 in Throwing
  9540 | D:8      | Reached skill level 7 in Evocations
  9543 | D:8      | Reached skill level 2 in Air Magic
  9546 | D:8      | Reached skill level 4 in Summonings
  9775 | D:9      | Reached skill level 3 in Stealth
  9775 | D:9      | Found a runed translucent gate.
  9776 | D:9      | Found a runed translucent gate.
  9777 | D:9      | Found a runed translucent gate.
  9814 | D:9      | Acquired 619 gold pieces
 10149 | D:9      | Noticed retardedninja's ghost (novice GnFi)
 10190 | D:9      | Reached skill level 4 in Ranged Weapons
 10272 | D:9      | Reached skill level 4 in Translocations
 10653 | D:9      | Killed retardedninja's ghost
 11063 | D:9      | Found a shimmering blue altar of Sif Muna.
 11090 | D:10     | Entered Level 10 of the Dungeon
 11097 | D:10     | Found a flagged portal.
 11101 | D:10     | Noticed a two-headed ogre
 11108 | D:10     | Killed a two-headed ogre
 11133 | D:9      | Reached skill level 5 in Shields
 11227 | D:9      | Reached skill level 3 in Poison Magic
 11272 | D:10     | Found a radiant altar of Vehumet.
 11280 | D:10     | Became a worshipper of Vehumet
 11482 | Bailey   | Entered a bailey
 11562 | Bailey   | Reached XP level 12. HP: 53/74 MP: 5/22
 11685 | Bailey   | Reached skill level 7 in Spellcasting
 11685 | Bailey   | Reached skill level 6 in Conjurations
 11693 | Bailey   | Reached skill level 3 in Air Magic
 11715 | Bailey   | Reached * piety under Vehumet
 11715 | Bailey   | Offered knowledge of Shock by Vehumet.
 12032 | Bailey   | Noticed an orc warlord
 12102 | Bailey   | Killed an orc warlord
 12103 | Bailey   | Reached skill level 5 in Ranged Weapons
 12103 | Bailey   | Reached skill level 5 in Summonings
 12365 | Bailey   | Got the Secrets of the Warped Wendigo
 12390 | Bailey   | Reached skill level 6 in Ranged Weapons
 12390 | Bailey   | Reached skill level 5 in Throwing
 12390 | Bailey   | Reached skill level 4 in Stealth
 12390 | Bailey   | Reached skill level 6 in Summonings
 12390 | Bailey   | Reached skill level 8 in Fire Magic
 12390 | Bailey   | Reached skill level 4 in Air Magic
 12390 | Bailey   | Reached skill level 4 in Poison Magic
 12390 | Bailey   | Reached XP level 13. HP: 79/79 MP: 22/24
 12491 | D:10     | Found a staircase to the Orcish Mines.
 12746 | D:10     | Offered knowledge of Kiss of Death by Vehumet.
 12749 | D:10     | Reached ** piety under Vehumet
 13003 | D:10     | Noticed Fannar
 13306 | D:10     | Found a staircase to the Lair.
 13553 | D:10     | Killed Fannar
 13683 | D:11     | Reached skill level 8 in Spellcasting
 13699 | D:11     | Reached skill level 8 in Evocations
 14004 | D:11     | Reached skill level 5 in Stealth
 14004 | D:11     | Reached skill level 9 in Fire Magic
 14169 | D:11     | Reached skill level 6 in Shields
 15124 | Lair:1   | Entered Level 1 of the Lair of Beasts
 15142 | Lair:1   | Offered knowledge of Dazzling Flash by Vehumet.
 15234 | Lair:1   | Reached skill level 7 in Ranged Weapons
 15234 | Lair:1   | Reached skill level 7 in Summonings
 15355 | Lair:1   | HP: 6/79 [water moccasin (7)]
 15366 | Lair:1   | HP: 6/79 [poisoned by a cane toad]
 15370 | Lair:1   | HP: 2/79 [poisoned by a cane toad]
 15790 | Lair:1   | Reached skill level 6 in Throwing
 15798 | Lair:1   | Reached *** piety under Vehumet
 16316 | Lair:1   | Reached XP level 14. HP: 85/85 MP: 20/26
 16530 | Lair:1   | Offered knowledge of Iskenderun's Mystic Blast by Vehumet.
 16628 | Lair:1   | Found a runed translucent door.
 17157 | Lair:1   | Reached skill level 9 in Spellcasting
 17656 | Lair:1   | Slain by a catoblepas

Vanquished Creatures
  An orc warlord (Bailey)
  Fannar (D:10)
  3 two-headed ogres
  The ghost of retardedninja the Blocker, a novice GnFi (D:9)
  An orc knight (D:11)
  A manticore (D:11)
  The ghost of pigah the Changer, a novice OpWn of Gozag (D:6)
  An elephant (Lair:1)
  8 cane toads (Lair:1)
  3 kobold demonologists
  3 rime drakes (Lair:1)
  Maggie (D:8)
  2 unseen horrors
  9 komodo dragons (Lair:1)
  A polar bear (Lair:1)
  2 blink frogs (Lair:1)
  A vampire (D:9)
  3 wraiths
  A shadow (D:9)
  41 yaks
  A basilisk (Lair:1)
  A steam dragon (D:6)
  2 wyverns
  Menkaure (D:5)
  An acid dragon (D:10)
  3 water moccasins (Lair:1)
  19 orc warriors
  4 black bears
  2 sky beasts (D:6)
  6 ice beasts
  2 centaurs (D:8)
  4 ogres
  A phantom (D:4)
  6 kobold brigands
  12 bullfrogs
  2 elf zombies (Ossuary)
  A gnoll sergeant (D:8)
  4 scorpions
  9 killer bees
  An electric eel (Lair:1)
  5 howler monkeys
  A centaur zombie (Ossuary)
  Crazy Yiuf (D:2)
  3 jellies
  3 orc priests
  2 hounds
  Jessica (D:2)
  An iguana (D:5)
  2 sleepcaps
  9 orc wizards
  A centaur simulacrum (D:9)
  3 mummies
  15 gnolls
  7 adders
  2 river rats (D:6)
  A shadow imp (D:5)
  4 white imps
  2 ufetubi
  An adder zombie (Ossuary)
  2 worms
  3 dart slugs
  57 orcs
  8 ball pythons
  8 endoplasms
  A giant cockroach (D:2)
  19 goblins
  13 hobgoblins
  4 jackals (D:4)
  3 quokkas
  5 bats
  3 frilled lizards
  8 hobgoblin zombies (Ossuary)
  13 kobolds
  11 kobold zombies (Ossuary)
  11 orc zombies (Ossuary)
  7 rats
  3 rat zombies (Ossuary)
410 creatures vanquished.

Vanquished Creatures (collateral kills)
  A yak (Lair:1)
1 creature vanquished.

Vanquished Creatures (others)
  A cane toad (Lair:1)
  841 foxfires
  14 fungi (Lair:1)
  16 plants (Lair:1)
  8 toadstools (Lair:1)
880 creatures vanquished.

Grand Total: 1291 creatures vanquished

Table legend: (Time is in decaauts)
 A = Elapsed time spent in this place.
 B = Non-inter-level travel time spent in this place.
 C = Inter-level travel time spent in this place.
 D = Time resting spent in this place.
 E = Time spent auto-exploring this place.
 F = Levels seen in this place.
 G = Mean time per level.
                   A        B        C        D        E       F      G
               +--------+--------+--------+--------+--------+-----+--------+
         Total |  17861 |  17250 |    611 |    369 |  13373 |  15 | 1190.7 |
       Dungeon |  13455 |  12879 |    576 |    368 |  10043 |  11 | 1223.2 |
        Temple |    227 |    205 |     22 |      0 |    192 |   1 |  227.0 |
          Lair |   2574 |   2562 |     12 |      0 |   2161 |   1 | 2574.0 |
       Ossuary |    650 |    650 |      0 |      0 |    321 |   1 |  650.0 |
        Bailey |    953 |    953 |      0 |      1 |    656 |   1 |  953.0 |
               +--------+--------+--------+--------+--------+-----+--------+

Top non-repeatable levels by time:
  Lair:1: 2574 daAuts
    D:10: 1592 daAuts
     D:8: 1524 daAuts
     D:9: 1504 daAuts
    D:11: 1354 daAuts
     D:6: 1338 daAuts
     D:5: 1210 daAuts
     D:7: 1124 daAuts
     D:2: 1098 daAuts
     D:3: 1065 daAuts
     D:4: 1009 daAuts
  Bailey: 953 daAuts
 Ossuary: 650 daAuts
     D:1: 632 daAuts
  Temple: 227 daAuts

Table legend:
 A = Non-vault XP
 B = Vault XP
 C = Vault XP percentage of total XP
 D = Non-vault monster count
 E = Vault monster count
 F = Vault count percentage of total count
                 A         B        C        D         E       F
            +---------+---------+-------+---------+---------+-------
      Total |   27005 |   12278 |  31.3 |     243 |     169 |  41.0
            +---------+---------+-------+---------+---------+-------
        D:1 |      27 |       0 |   0.0 |      15 |       0 |   0.0
        D:2 |      83 |      85 |  50.6 |      19 |       4 |  17.4
        D:3 |     141 |       3 |   2.1 |      20 |       2 |   9.1
        D:4 |     225 |     346 |  60.6 |      18 |       8 |  30.8
        D:5 |     273 |     175 |  39.1 |       9 |       2 |  18.2
        D:6 |    1049 |     721 |  40.7 |      14 |       7 |  33.3
        D:7 |     902 |       0 |   0.0 |      22 |       0 |   0.0
        D:8 |    4482 |    1045 |  18.9 |      26 |       7 |  21.2
        D:9 |    2234 |    1136 |  33.7 |      24 |       7 |  22.6
       D:10 |    3293 |    1052 |  24.2 |      18 |      13 |  41.9
       D:11 |    4732 |    1551 |  24.7 |      21 |      24 |  53.3
     Lair:1 |    9564 |    3139 |  24.7 |      37 |      11 |  22.9
    Ossuary |       0 |     314 | 100.0 |       0 |      39 | 100.0
     Bailey |       0 |    2711 | 100.0 |       0 |      45 | 100.0
            +---------+---------+-------+---------+---------+-------
